 Dungeon Crawl Stone Soup version 0.28.0-53-g5a82cb258f (webtiles) character file.

Game seed: 4721384414203949228

6 MiltankisOP the Skirmisher (level 1, -2/11 HPs)
             Began as a Vine Stalker Fighter on July 12, 2022.
             Slain by a gnoll
             ... wielding a +0 spear
              (5 damage)
             ... on level 1 of the Dungeon.
             The game lasted 00:00:43 (247 turns).

MiltankisOP the Skirmisher (Vine Stalker Fighter)    Turns: 247, Time: 00:00:44

Health: -2/11      AC:  6    Str: 18    XL:     1   Next: 90%
Magic:  0/0        EV:  9    Int:  8    God:
Gold:   21         SH:  4    Dex: 13    Spells: 0/0 levels left

rFire   . . .      SeeInvis .   e - +2 short sword (antimagic)
rCold   . . .      Faith    .   c - +0 buckler
rNeg    . . .      Spirit   +   b - +0 scale mail
rPois   .          Reflect  .   (no helmet)
rElec   .          Harm     .   (no cloak)
rCorr   .          Rampage  .   (no gloves)
Will    .....                   (no boots)
Stlth   ..........              (no amulet)
HPRegen 0.03/turn               (no ring)
MPRegen 0.07/turn               (no ring)

@: no status effects
A: fangs 2, magic shield, antimagic bite, no potion heal 2
a: no special abilities


You were on level 1 of the Dungeon.
You visited 1 branch of the dungeon, and saw 1 of its levels.

You collected 21 gold pieces.

Inventory:

Hand Weapons
 a - a +0 rapier
 e - a +2 antimagic short sword (weapon)
Armour
 b - a +0 scale mail (worn)
 c - a +0 buckler (worn)
Potions
 d - 2 potions of might


   Skills:
 + Level 2.9 Fighting
 + Level 2.1 Short Blades
 - Level 2.4 Armour
 - Level 2.6 Shields


You couldn't memorise any spells.
You didn't know any spells.
Your spell library contained the following spells:

 Spells                   Type           Power      Damage    Failure   Level
 Freeze                   Ice            0%         1d3       88%         1
 Frozen Ramparts          Ice            0%         1d2       99%         3
 Hailstorm                Conj/Ice       0%         3d3       100%        4


Dungeon Overview and Level Annotations

Branches:
Dungeon (1/15)

Altars:


Innate Abilities, Weirdness & Mutations

You have extremely sharp teeth.
When hurt, damage is shared between your health and your magic reserves.
Your bite disrupts and absorbs the magic of your enemies.
Potions cannot restore your health.


Message History

You now have 21 gold pieces (gained 10).
A rat and a quokka come into view.
There are monsters nearby!
A giant cockroach comes into view.
Found 4 gold pieces.
You block the quokka's attack.
You puncture the quokka!
You kill the quokka!
The rat bites you but does no damage.
Your Short Blades skill increases to level 2!
You hit the rat.
You kill the rat!
You completely miss the giant cockroach.
Your bite misses the giant cockroach. You block the giant cockroach's attack.
You hit the giant cockroach.
The giant cockroach is almost dead.
The giant cockroach barely misses you.
The gnoll hits you from afar with a +0 spear.
The giant cockroach barely misses you.
You hit the giant cockroach.
You kill the giant cockroach!
The gnoll barely misses you. You block the gnoll's attack.
You hit the gnoll.
The gnoll is lightly wounded.
The gnoll hits you with a +0 spear.
* * * LOW HITPOINT WARNING * * *
You hit the gnoll.
The gnoll is lightly wounded.
The gnoll misses you.
You hit the gnoll. You bite the gnoll. You drain its power.
The gnoll is moderately wounded.
The gnoll hits you but does no damage.
You hit the gnoll but do no damage.
The gnoll is moderately wounded.
The gnoll closely misses you.
You hit the gnoll but do no damage. You bite the gnoll. You drain its power.
The gnoll is severely wounded.
The gnoll hits you with a +0 spear.
You die...

... #..^≈..#####..§...# #......
$.. ##..≈≈.§§§...≈≈..####.#....
.... #...≈§§§.≈≈≈≈...# #..#....
..... ##....§≈.≈§....## #..##...
.....# ##...........## ##..##...
......# ###.......### ##...##...
.......#################....##...
..........###########.......##...
...............g@...........##...
...#####.......###############...
. ##.###### #### #.# #.# ... ###


You could see a gnoll.

Vanquished Creatures
  A giant cockroach (D:1)
  2 kobolds (D:1)
  A quokka (D:1)
  A rat (D:1)
5 creatures vanquished.

Vanquished Creatures (others)
  A fungus (D:1)
1 creature vanquished.

Grand Total: 6 creatures vanquished

Notes
Turn   | Place    | Note
-------+----------+-------------------------------------------
     0 | D:1      | MiltankisOP the Vine Stalker Fighter began the quest for
                  | the Orb.
     0 | D:1      | Reached XP level 1. HP: 11/11 MP: 2/2
   247 | D:1      | Slain by a gnoll

Illustrated notes

Levels and vault maps discovered:
D:1:      dpeg_arrival_concentric_ovals, layout_basic,
          shapermc_ecumenical_altar_acropolis

Skill      XL: |  1 |
---------------+----+-----
Short Blades   | 2 |  2.1
Fighting       | |  2.9
Armour         | |  2.4
Shields        | |  2.6

Action                   || total
-------------------------++-------
Melee: Short sword       ||    10
       Rapier            ||     8
       Bite              ||     5
Armor: Scale mail        ||     9
Dodge: Dodged            ||     8
Block: Buckler           ||     5
